 Dungeon Crawl Stone Soup version 0.22-a0-44-geb883ae (webtiles) character file.

105 KristoblXynda the Slasher (level 4, -2/39 HPs)
             Began as a Naga Gladiator on Jan 6, 2018.
             Slain by an orc
             ... wielding a cursed -2 falchion
              (4 damage)
             ... on level 3 of the Dungeon.
             The game lasted 00:03:08 (1926 turns).

KristoblXynda the Slasher (Naga Gladiator)          Turns: 1926, Time: 00:03:09

Health: -2/39      AC:  4    Str: 16    XL:     4   Next: 81%
Magic:  4/4        EV: 10    Int: 10    God:
Gold:   155        SH:  0    Dex: 12    Spells: 3/3 levels left

rFire    . . .     SeeInvis +   a - +0 long sword
rCold    . . .     Gourm    .   (no shield)
rNeg     . . .     Faith    .   b - +0 leather armour
rPois    +         Spirit   .   c - +0 helmet
rElec    .         Reflect  .   (no cloak)
rCorr    .         Harm     .   (no gloves)
MR       .....                  (no barding)
Stlth    ++........             (no amulet)
HPRegen  0.13/turn              (no ring)
MPRegen  0.09/turn              (no ring)

@: short of breath, very slow
A: large, see invisible, deformed body, poison resistance, slowness 2, slow
metabolism 1, spit poison 1, AC +1
a: Spit Poison


You were on level 3 of the Dungeon.
You were not hungry.

You visited 1 branch of the dungeon, and saw 3 of its levels.

You collected 155 gold pieces.

Inventory:

Hand Weapons
 a - a +0 long sword (weapon)
Missiles
 d - 3 throwing nets (quivered)
Armour
 b - a +0 leather armour (worn)
 c - a +0 helmet (worn)
Scrolls
 e - a scroll of immolation {unknown}
 g - a scroll of random uselessness {unknown}
 h - 2 scrolls of amnesia {unknown}
 k - a scroll of enchant armour {unknown}
 m - a scroll of remove curse {unknown}
 n - a scroll of blinking {unknown}
 q - a scroll of noise {unknown}
Potions
 i - a potion of curing
 j - a potion of heal wounds
 l - 2 potions of flight {unknown}
 o - a potion of degeneration {unknown}
Comestibles
 f - 4 rations


   Skills:
 - Level 2.0 Fighting
 + Level 3.7 Long Blades
 - Level 2.2 Throwing
 + Level 1.4 Armour
 + Level 3.0 Dodging
 + Level 2.1 Stealth


You had 3 spell levels left.
You didn't know any spells.

Dungeon Overview and Level Annotations

Branches:
Dungeon (3/15)

Altars:


Innate Abilities, Weirdness & Mutations

You cannot wear boots.
Your serpentine skin is tough. (AC +1)
You have supernaturally acute eyesight. (SInv)
Armour fits poorly on your strangely shaped body.
Your system is resistant to poisons. (rPois)
You cover ground very slowly.
You have a slow metabolism.
You can spit poison.


Message History

The hobgoblin hits you with a club.
You hit the hobgoblin.
You kill the hobgoblin!
You kill the orc!
The orc misses you.
You riposte.
You hit the orc.
The orc is moderately wounded.
You closely miss the orc.
The orc is moderately wounded.
The orc barely misses you.
An orc comes into view. It is wielding a hand axe.
The orc shouts!
You closely miss the orc.
The orc is moderately wounded.
The orc hits you with a hand axe!
* * * LOW HITPOINT WARNING * * *
The orc hits you but does no damage.
Press: ? - help, Shift-Dir - straight line You feel slightly more hungry.
The orc hits you with a hand axe!
* * * LOW HITPOINT WARNING * * *
The orc hits you with a falchion.
You die...

#.)###.# ### #....#.#
..# ######.# #.# #.#
##.## #.# ##
#...#####.#.# ..
+.......#.#.#
..###?##....##.#.#.###
.....ro@....##.#.#...#
..#.#o##o...##.#.###.#
# #....##.#.# #.#
...>#+#..†...###.#
#### ####.......#
#########


You could see 3 orcs and a rat.

Vanquished Creatures
  4 adders (D:2)
  2 oozes (D:2)
  3 dart slugs
  2 leopard geckos
  2 orcs (D:3)
  A ball python (D:2)
  A giant cockroach (D:2)
  4 goblins
  8 hobgoblins
  6 bats
  3 frilled lizards
  10 kobolds
  9 rats
55 creatures vanquished.

Notes
Turn   | Place    | Note
-------+----------+-------------------------------------------
     0 | D:1      | KristoblXynda the Naga Gladiator began the quest for the Orb.
     0 | D:1      | Reached XP level 1. HP: 19/19 MP: 1/1
   193 | D:1      | Reached XP level 2. HP: 14/26 MP: 2/2
   513 | D:1      | Reached XP level 3. HP: 32/32 MP: 3/3
   909 | D:2      | Reached skill level 1 in Armour
   982 | D:2      | Reached skill level 1 in Stealth
  1136 | D:2      | Reached XP level 4. HP: 24/39 MP: 4/4
  1926 | D:3      | Slain by an orc

Vault maps used:
D:1:      elethiomel_arrival_shortcut
D:2:      minmay_bisected
D:3:      kennysheep_okawaru_gauntlet, uniq_grinder

Skill      XL: |  1  2  3  4 |
---------------+-------------+-----
Throwing       | 2 |  2.2
Armour         | 1 |  1.4
Stealth        | 1 2 |  2.1
Dodging        | 3 |  3.0
Fighting       | |  2.0
Long Blades    | |  3.7

Action                   |  1- 3 |  4- 6 || total
-------------------------+-------+-------++-------
Melee: Long sword        |    77 |    40 ||   117
 Abil: Spit Poison       |     9 |     7 ||    16
  Use: Potion            |     1 |       ||     1
 Stab: Sleeping          |       |     1 ||     1
  Eat: Chunk             |     1 |     2 ||     3
Armor: Leather armour    |    31 |    12 ||    43
Dodge: Dodged            |    63 |    24 ||    87
       Rpst.: Long sword |    15 |    11 ||    26

Table legend:
 A = Spawn XP
 B = Non-spawn XP
 C = Spawn XP percentage of total XP
 D = Spawn monster count
 E = Non-spawn monster count
 F = Spawn count percentage of total count
 G = Total turns spent on level
                    A         B        C        D         E        F      G
               +---------+---------+-------+---------+---------+-------+---------
         Total |       0 |     150 |   0.0 |       0 |      55 |   0.0 |  1926
               +---------+---------+-------+---------+---------+-------+---------
           D:1 |       0 |      40 |   0.0 |       0 |      25 |   0.0 |   871
           D:2 |       0 |      97 |   0.0 |       0 |      25 |   0.0 |   992
           D:3 |       0 |      13 |   0.0 |       0 |       5 |   0.0 |    63
               +---------+---------+-------+---------+---------+-------+---------
